Match 47150747
Unlisted

Match 47150747
End
Construct Weapon Support Center
Sniper
Sniper
Construct Barracks
Riflemen Squad
Bazooka Squad
Improved M9 Bazooka Rockets
Riflemen Squad
Mechanized Support Center
Selects Armored Battlegroup
Selects Veteran Crews
Selects M31 Recovery Vehicle
M31 Recovery Vehicle
Bazooka Squad
M1 Mortar Team
M1 Mortar Team
M1918 Browning Automatic Rifles
Riflemen Squad
Riflemen Squad
Construct Tank Depot
M18 Hellcat Tank Destroyer
Riflemen Squad
M1 Mortar Team
Bazooka Squad
Tickets
1286708386
野狼
Турбович
STEVEBUSMILK
heoo
Moon-Man--14
Tigerlimo_78
0
0

Comments sign in to comment!

No comments posted yet!